 Dungeon Crawl Stone Soup version 0.20.0-15-g7f486f2 (console) character file.

196 Cab the Grave Robber (level 5, 0/35 HPs)
             Began as a Demonspawn Necromancer on June 23, 2017.
             Succumbed to a worker ant's poison
             ... on level 3 of the Dungeon.
             The game lasted 00:13:08 (2768 turns).

Cab the Grave Robber (Demonspawn Necromancer)       Turns: 2768, Time: 00:13:08

Health: 0/35       AC:  4    Str:  8    XL:     5   Next: 45%
Magic:  0/8        EV: 12    Int: 18    God:
Gold:   88         SH:  0    Dex: 13    Spells: 4/8 levels left

rFire    . . .     SeeInvis .   g - +0 dagger
rCold    . . .     Gourm    .   (no shield)
rNeg     . . .     Faith    .   a - +0 robe
rPois    .         Spirit   .   (no helmet)
rElec    .         Reflect  .   (no cloak)
rCorr    .         Harm     .   (no gloves)
MR       .....                  o - +1 pair of boots
Stlth    ++........             (no amulet)
Regen    0.2/turn               (no ring)
MPRegen  0.2/turn               (no ring)

@: lethally poisoned (0 -> -13)
A: spiny 1
a: no special abilities


You were on level 3 of the Dungeon.
You were hungry.

You visited 1 branch of the dungeon, and saw 3 of its levels.

You collected 88 gold pieces.

Inventory:

Hand Weapons
 g - a +0 dagger (weapon)
Armour
 a - a +0 robe (worn)
 o - a +1 pair of boots (worn)
Wands
 u - a wand of disintegration (10/24)
Scrolls
 d - 3 scrolls of teleportation {unknown}
 e - a scroll of random uselessness {unknown}
 f - 4 scrolls of remove curse {unknown}
 j - 3 scrolls of amnesia {unknown}
 l - 3 scrolls of fear {unknown}
 m - 4 scrolls of identify {unknown}
 p - a scroll of immolation {unknown}
 q - a scroll of enchant weapon {unknown}
 r - 2 scrolls of magic mapping {unknown}
 v - a scroll of recharging {unknown}
Books
 b - a book of Necromancy

   Spells                             Type                      Level
   a - Pain                           Necromancy                   1
   b - Animate Skeleton               Necromancy                   1
   c - Vampiric Draining              Necromancy                   3
   d - Regeneration                   Charms/Necromancy            3
   e - Animate Dead                   Necromancy                   4
   f - Control Undead                 Necromancy                   4
 n - a book of Changes

   Spells                             Type                      Level
   a - Beastly Appendage              Transmutation                1
   b - Sticks to Snakes               Transmutation                2
   c - Spider Form                    Transmutation/Poison         3
   d - Ice Form                       Ice/Transmutation            4
   e - Blade Hands                    Transmutation                5
Comestibles
 c - 3 bread rations
 h - a chunk of flesh
 i - 2 royal jellies
 k - 3 meat rations


   Skills:
 * Level 1.5 Short Blades
 - Level 1.7 Dodging
 - Level 1.7 Stealth
 - Level 2.0 Spellcasting
 + Level 7.1 Necromancy


You had 4 spell levels left.
You knew the following spells:

 Your Spells              Type           Power        Failure   Level  Hunger
a - Pain                  Necr           ####         1%          1    #......
b - Vampiric Draining     Necr           ####......   3%          3    ###....


Dungeon Overview and Level Annotations

Branches:
Dungeon (3/15)

Altars:
Ru

Annotations:
D:3 Grinder; koelner's ghost, weakling DsVM


Innate Abilities, Weirdness & Mutations

You are partially covered in sharp spines.


Message History

Confirm with . or Enter, or press ? or * to list all spells.
Aiming: Pain
Press: ? - help, Shift-Dir - straight line, f - worker ant
Aim: a worker ant (moderately wounded, chance to defeat MR: 89%)
The worker ant writhes in agony!
* * * LOW HITPOINT WARNING * * *
You feel sick. The worker ant bites you.
* * * LOW HITPOINT WARNING * * *
You are more poisoned.
The worker ant poisons you!
You hit the worker ant.
The worker ant is almost dead.
* * * LOW HITPOINT WARNING * * *
You feel sick.
The worker ant bites you but does no damage.
You aren't carrying any potions.
You hit the worker ant.
You kill the worker ant!
Your Necromancy skill increases to level 7!
You die...

▒▒▒∙∙∙▒ ▒∙▒▒∙∙∙∙∙▒∙∙▒∙∙∙▒ ▒∙∙∙▒
▒∙▒▒(∙∙∙)▒∙∙▒▒▒▒▒ ▒∙∙∙▒
▒∙▒▒▒∙∙∙∙▒∙∙▒
▒▒▒∙∙∙▒▒▒∙▒▒▒∙∙∙∙▒∙∙▒∙▒ ▒▒▒▒▒▒▒▒▒
∙∙∙∙∙(∙∙∙∙∙∙'∙∙∙)∙∙∙∙∙▒ ▒∙∙∙∙∙∙∙∙
∙∙∙∙∙∙▒▒▒∙▒▒▒∙∙∙∙▒▒▒▒▒▒▒▒∙▒▒▒▒▒▒▒
∙∙[∙∙∙'∙∙∙∙∙▒∙∙∙∙∙▒∙∙∙∙▒▒∙▒ ▒∙∙
∙∙▒∙g∙▒▒▒∙▒∙▒∙∙▒▒∙▒∙▒▒∙▒▒)▒▒▒▒▒∙▒
∙∙'∙∙∙▒▒▒■▒∙▒∙∙∙@∙∙∙▒▒∙▒▒∙∙∙∙∙▒∙▒
∙∙▒∙∙∙∙∙∙∙∙∙▒▒▒▒∙▒▒▒▒▒∙∙∙▒▒▒▒∙▒∙▒
▒∙▒▒▒▒∙∙∙∙∙∙▒ ∙∙∙▒ ▒▒▒∙▒▒▒▒∙▒∙▒
▒∙∙▒ ▒∙∙∙W∙∙▒∙▒▒▒▒ ▒∙∙∙∙▒∙▒∙▒
▒▒∙▒▒▒▒▒∙∙∙∙▒ ▒▒▒▒▒▒▒▒▒▒▒▒∙▒∙▒∙▒
▒∙∙▒ ▒▒'▒∙▒∙ ▒∙∙∙∙∙∙∙∙∙%∙∙▒∙▒∙∙
▒▒▒'▒▒ ▒∙▒∙∙∙▒▒∙▒∙▒∙∙∙∙∙▒▒▒∙∙▒∙▒
∙∙∙∙∙▒▒▒▒∙▒▒▒▒≈≈≈≈∙∙∙∙∙≈≈≈≈∙≈≈∙∙∙
∙∙∙∙∙▒∙∙∙∙∙∙∙∙≈≈≈≈≈≈∙≈≈≈≈≈∙≈≈≈≈≈≈


There were no monsters in sight!

Vanquished Creatures
  A worker ant (D:3)
  7 adders
  4 gnolls (D:3)
  2 worms
  A dart slug (D:3)
  2 leopard geckos (D:2)
  A ball python (D:2)
  A bat (D:1)
  3 giant cockroaches
  8 goblins
  6 hobgoblins
  8 jackals
  2 quokkas
  2 frilled lizards
  8 kobolds
  11 rats
67 creatures vanquished.

Notes
Turn   | Place    | Note
-------+----------+-------------------------------------------
     0 | D:1      | Cab the Demonspawn Necromancer began the quest for the Orb.
     0 | D:1      | Reached XP level 1. HP: 13/13 MP: 3/3
   182 | D:1      | Gained mutation: You are partially covered in sharp spines. [demonic ancestry]
   182 | D:1      | Reached XP level 2. HP: 6/19 MP: 1/5
   277 | D:1      | Reached skill level 5 in Necromancy
   968 | D:2      | Reached XP level 3. HP: 24/24 MP: 4/6
   973 | D:2      | Learned a level 3 spell: Vampiric Draining
  1623 | D:3      | Reached skill level 6 in Necromancy
  1688 | D:3      | Reached XP level 4. HP: 29/30 MP: 5/7
  1691 | D:3      | Found a sacrificial altar of Ru.
  1923 | D:3      | Noticed Grinder
  1967 | D:2      | Reached skill level 1 in Short Blades
  2118 | D:3      | Noticed koelner's ghost (weakling DsVM)
  2424 | D:3      | Reached XP level 5. HP: 28/35 MP: 5/8
  2480 | D:3      | Paralysed by Grinder for 5 turns
  2668 | D:3      | Paralysed by Grinder for 4 turns
  2767 | D:3      | HP: 1/35 [poisoned by a worker ant]
  2768 | D:3      | Reached skill level 7 in Necromancy
  2768 | D:3      | Succumbed to a worker ant's poison

Skill      XL: |  1  2  3  4  5 |
---------------+----------------+-----
Necromancy     | 5 6 7 |  7.1
Short Blades   | 1 |  1.5
Dodging        | |  1.7
Stealth        | |  1.7
Spellcasting   | |  2.0

Action                   |  1- 3 |  4- 6 || total
-------------------------+-------+-------++-------
Melee: Unarmed           |    14 |       ||    14
       Dagger            |    31 |    37 ||    68
 Cast: Pain              |    56 |    37 ||    93
       Vampiric Draining |     2 |     4 ||     6
  Use: Potion            |       |     1 ||     1
 Stab: Sleeping          |     1 |       ||     1
  Eat: Chunk             |     1 |     2 ||     3
       Fruit             |     3 |     2 ||     5
Armor: Robe              |     9 |     9 ||    18
Dodge: Dodged            |    34 |    33 ||    67
